 Dungeon Crawl Stone Soup version 0.30.0-17-ge0270778cf (webtiles) character file.

Game seed: 4308204060931115935

89 zazu2006 the Magician (level 4, -10/34 HPs)
             Began as a Gnoll Wanderer on May 21, 2023.
             Killed by nerve-wracking pain
             ... invoked by Grinder
              (14 damage)
             ... on level 3 of the Dungeon.
             The game lasted 00:03:54 (1669 turns).

zazu2006 the Magician (Gnoll Wanderer)              Turns: 1669, Time: 00:03:54

Health: -10/34     AC:  3    Str: 11    XL:     4   Next: 55%
Magic:  1/13       EV: 12    Int: 13    God:
Gold:   131        SH:  0    Dex: 12    Spells: 16/17 levels left

rFire   . . .        l - +1 dagger (vamp)
rCold   . . .        f - orb {mayhem}
rNeg    . . .        c - +0 robe
rPois   .            (no helmet)
rElec   .            (no cloak)
rCorr   .            (no gloves)
SInv    .            d - +0 pair of boots
Will    .....        k - amulet of the acrobat
Stlth   ++           (no ring)
HPRegen 0.25/turn    (no ring)
MPRegen 0.13/turn

%: mayhem, acrobat
@: flying
A: fangs 1, strong nose, distributed training
a: no special abilities


You were on level 3 of the Dungeon.
You visited 1 branch of the dungeon, and saw 3 of its levels.

You collected 131 gold pieces.

Inventory:

Hand Weapons
 a - a +0 dagger
 l - a +1 vampiric dagger (weapon)
 p - a +2 whip of electrocution
Armour
 c - a +0 robe (worn)
 d - a +0 pair of boots (worn)
 f - an orb of mayhem (worn)
Magical Staves
 o - a staff of cold
Jewellery
 k - an amulet of the acrobat (around neck)
Scrolls
 e - a scroll of teleportation {unknown}
 g - a scroll of amnesia {unknown}
 h - 2 scrolls of identify {unknown}
 i - 2 scrolls of blinking {unknown}
 n - a scroll of noise {unknown}
Potions
 m - a potion of invisibility {unknown}


   Skills:
 + Level 2.8 Fighting
 + Level 1.2 Short Blades
 + Level 1.2 Long Blades
 + Level 1.2 Axes
 + Level 1.2 Maces & Flails
 + Level 1.2 Polearms
 + Level 1.2 Staves
 + Level 1.2 Ranged Weapons
 + Level 1.2 Throwing
 + Level 1.2 Armour
 + Level 2.8 Dodging
 + Level 4.3 Stealth
 + Level 1.2 Shields
 + Level 1.2 Unarmed Combat
 + Level 7.2 Spellcasting
 + Level 1.0 Conjurations
 + Level 1.0 Hexes
 + Level 3.9 Summonings
 + Level 1.0 Necromancy
 + Level 1.0 Translocations
 + Level 1.0 Transmutations
 + Level 1.0 Fire Magic
 + Level 1.0 Ice Magic
 + Level 1.0 Air Magic
 + Level 2.3 Earth Magic
 + Level 1.0 Poison Magic
 + Level 1.3 Invocations
 + Level 1.2 Evocations


You had 16 spell levels left.
You knew the following spells:

 Your Spells              Type           Power      Damage    Failure   Level
a - Sandblast             Erth           20%        2d7       6%          1

Your spell library contained the following spells:

 Spells                   Type           Power      Damage    Failure   Level
 Summon Small Mammal      Summ           56%        N/A       3%          1
 Call Canine Familiar     Summ           14%        N/A       9%          3
 Summon Guardian Golem    Hex/Summ       11%        N/A       16%         3
 Stone Arrow              Conj/Erth      18%        3d8       22%         3


Dungeon Overview and Level Annotations

Branches:
Dungeon (3/15)

Altars:
Hepliaklqana

Shops:
D:2 *

Annotations:
D:3 Grinder


Innate Abilities, Weirdness & Mutations

You have very sharp teeth.
Your uncanny sense of smell can sniff out nearby items.
Your experience applies equally to all skills.


Message History

Press: ? - help, Shift-Dir - straight line, f/p - Grinder
Aim: Grinder (severely wounded, 80% to hit)
The blast of sand hits the kobold.
You kill the kobold!
Grinder gestures at you. Pain shoots through your body!
* * * LOW HITPOINT WARNING * * *
Unknown command.
Casting: Sandblast (safe; 6% risk of failure)
Confirm with . or Enter, or press ? or * to list all spells.
Aiming: Sandblast (safe; 6% risk of failure)
Press: ? - help, Shift-Dir - straight line, f/p - Grinder
Aim: Grinder (severely wounded, 80% to hit)
The blast of sand hits Grinder.
Grinder is almost dead.
Grinder blinks!
Unknown command.
Casting: Sandblast (safe; 6% risk of failure)
Confirm with . or Enter, or press ? or * to list all spells.
Aiming: Sandblast (safe; 6% risk of failure)
Press: ? - help, Shift-Dir - straight line, f/p - Grinder
Aim: Grinder (almost dead, 80% to hit)
The blast of sand hits Grinder but does no damage.
Grinder is almost dead.
Grinder grins, showing sharp teeth.
Casting: Sandblast (safe; 6% risk of failure)
Confirm with . or Enter, or press ? or * to list all spells.
You don't have enough magic to cast this spell.
Unknown command.
Unknown command.
You hit Grinder. Your bite misses Grinder.
Grinder is almost dead.
Grinder hits you.
* * * LOW HITPOINT WARNING * * *
It was a potion of flight.
You feel very buoyant.
You fly up into the air.
Grinder gestures at you. Pain shoots through your body!
You die...

#####
..... ∆
#...
#..### #
## #....
#. #.##..#
#.# #.#..#
∆
..###@..#
#.#5##†#
#.###.# ∆
#...##<#
#.....#.#
#.....#..
#.....####
##...##
#..##


You could see Grinder.

Vanquished Creatures
  5 adders (D:2)
  A worm (D:2)
  2 dart slugs (D:1)
  2 endoplasms (D:1)
  3 giant cockroaches (D:2)
  2 goblins
  2 hobgoblins (D:2)
  5 kobolds
  6 ball pythons
  3 bats
  5 frilled lizards
  2 rats
38 creatures vanquished.

Vanquished Creatures (collateral kills)
  A frilled lizard (D:2)
  A kobold (D:2)
2 creatures vanquished.

Grand Total: 40 creatures vanquished

Notes
Turn   | Place    | Note
-------+----------+-------------------------------------------
     0 | D:1      | zazu2006 the Gnoll Wanderer began the quest for the Orb.
     0 | D:1      | zazu2006 set off with the following items: a +0 dagger, a
                  | potion of heal wounds, a +0 robe, a +0 pair of boots; and
                  | the following spells available to memorise: Summon Small
                  | Mammal, Sandblast, Call Canine Familiar, Summon Guardian
                  | Golem, Stone Arrow.
     0 | D:1      | Reached XP level 1. HP: 17/17 MP: 8/8
     2 | D:1      | Learned a level 1 spell: Sandblast
   270 | D:1      | Reached XP level 2. HP: 23/23 MP: 8/10
   730 | D:2      | Reached XP level 3. HP: 28/28 MP: 11/11
   889 | D:2      | Reached skill level 1 in Invocations
   906 | D:2      | Found Mudd's General Store.
   966 | D:2      | Reached skill level 1 in Short Blades
   966 | D:2      | Reached skill level 1 in Long Blades
   966 | D:2      | Reached skill level 1 in Axes
   966 | D:2      | Reached skill level 1 in Maces & Flails
   966 | D:2      | Reached skill level 1 in Polearms
   966 | D:2      | Reached skill level 1 in Staves
   966 | D:2      | Reached skill level 1 in Ranged Weapons
   966 | D:2      | Reached skill level 1 in Throwing
   966 | D:2      | Reached skill level 1 in Armour
   966 | D:2      | Reached skill level 1 in Shields
   966 | D:2      | Reached skill level 1 in Unarmed Combat
   966 | D:2      | Reached skill level 1 in Evocations
  1014 | D:2      | Reached XP level 4. HP: 23/34 MP: 8/13
  1206 | D:2      | Reached skill level 1 in Conjurations
  1206 | D:2      | Reached skill level 1 in Hexes
  1206 | D:2      | Reached skill level 1 in Necromancy
  1206 | D:2      | Reached skill level 1 in Translocations
  1206 | D:2      | Reached skill level 1 in Transmutations
  1206 | D:2      | Reached skill level 1 in Fire Magic
  1206 | D:2      | Reached skill level 1 in Ice Magic
  1206 | D:2      | Reached skill level 1 in Air Magic
  1206 | D:2      | Reached skill level 1 in Poison Magic
  1265 | D:2      | Found a hazy altar of Hepliaklqana.
  1647 | D:3      | Noticed Grinder
  1653 | D:3      | Paralysed by Grinder for 2 turns
  1669 | D:3      | Killed from afar by Grinder

Illustrated notes

Levels and vault maps discovered:
D:1:      dpeg_arrival_oval, layout_basic
D:2:      layout_loops_ring, serial_shops, shop, minmay_hexomino_r4
D:3:      layout_loops_ring, mainiacjoe_overflow_tiny_flanked, uniq_grinder,
          uniq_robin, uniq_ijyb, uniq_sigmund

Skill      XL: |  1  2  3  4 |
---------------+-------------+-----
Earth Magic    | 2 |  2.3
Invocations    | 1 |  1.3
Short Blades   | 1 |  1.2
Long Blades    | 1 |  1.2
Axes           | 1 |  1.2
Maces & Flails | 1 |  1.2
Polearms       | 1 |  1.2
Staves         | 1 |  1.2
Ranged Weapons | 1 |  1.2
Throwing       | 1 |  1.2
Armour         | 1 |  1.2
Shields        | 1 |  1.2
Unarmed Combat | 1 |  1.2
Evocations     | 1 |  1.2
Conjurations   | 1 |  1.0
Hexes          | 1 |  1.0
Necromancy     | 1 |  1.0
Translocations | 1 |  1.0
Transmutations | 1 |  1.0
Fire Magic     | 1 |  1.0
Ice Magic      | 1 |  1.0
Air Magic      | 1 |  1.0
Poison Magic   | 1 |  1.0
Fighting       | |  2.8
Dodging        | |  2.8
Stealth        | |  4.3
Spellcasting   | |  7.2
Summonings     | |  3.9

Action                     |  1- 3 |  4- 6 || total
---------------------------+-------+-------++-------
  Melee: Dagger            |    11 |     1 ||    12
   Cast: Sandblast         |    34 |    40 ||    74
    Use: Potion            |       |     2 ||     2
   Stab: Sleeping          |     2 |       ||     2
 Armour: Robe              |     5 |     6 ||    11
  Dodge: Dodged            |     9 |    26 ||    35
